cohdb
Replays
Latest Replays
All Replays
Popular Replays
Top Player Replays
Match Explorer
How It Works
Community
CoH3 Stats
Reddit
Sign in to upload your games and track your stats! →
Sign in with Steam
Match 45328151
Unlisted
Match 45328151
Overview
Messages
Build Orders
End
Construct Barracks
Riflemen Squad
Riflemen Squad
Riflemen Squad
Grenade Package
Riflemen Squad
Mechanized Support Center
Construct Motor Pool
Selects Armored Battlegroup
Selects Armored Battlegroup
Selects Veteran Crews
Selects Strength in Steel
Construct Tank Depot
Engineer Squad
M4(105) Sherman Bulldozer
M1918 Browning Automatic Rifles
Designate Forward Repair Station
Rapid Repairs
Designate Forward Repair Station
Selects Seek and Destroy
Selects UNKNOWN (2160077)
Forward Retreat Point
Selects M31 Recovery Vehicle
Improvised Armor
saint087
娘希匹,优势在我!
Беашел
Agent-S
Toasty McToastFace
Thunderhill
Keamy
Dlezzer
0
0
Comments
sign in to comment!
No comments posted yet!